Map: Cyber Forest LE

Players

Reynor

  • Race: Zerg Zerg
  • Spawn Location: 11:00

Serral - Winner!

  • Race: Zerg Zerg
  • Spawn Location: 5:00

Event: 2019 WCS Spring

VOD

Have the link to the VOD?

Description

Time

  • Played on: May 19, 2019, 12:01 p.m.
  • Length: 13:23

All games in this series

Show
View Real Time Build Order
Export as new Build Order

Reynor Zerg 

Build Orders: Hatch First 

Get SALT Encoding   

  12  0:00  Drone  
  13  0:12  Overlord  
  13  0:16  Drone  
  14  0:30  Drone x2  
  16  0:48  Hatchery  
  15  0:51  Drone  
  15  0:55  Drone  
  17  0:58  Drone  
  18  1:09  Extractor  
  17  1:14  Spawning Pool  
  17  1:17  Drone  
  17  1:20  Drone  
  18  1:27  Drone  
  19  1:38  Drone  
  20  1:49  Overlord  
  20  2:00  Queen x2, Drone x2  
  26  2:11  Drone x2  
  28  2:22  Zergling x2  
  29  2:23  Drone  
  30  2:32  Drone x2  
  32  2:38  Lair  
  32  2:42  Extractor  
  32  2:43  Drone x2, Evolution Chamber  
  32  2:50  Roach Warren  
  31  2:53  Drone  
  31  2:54  Overlord  
  32  3:00  Queen  
  32  3:04  Drone x2  
  36  3:09  Zerg Missile Weapons Level 1  
  36  3:12  Drone  
  37  3:15  Drone  
  37  3:18  Drone  
  39  3:23  Overlord  
  39  3:24  Drone  
  40  3:35  Glial Reconstitution  
  40  3:36  Roach x2  
  44  3:41  Queen  
  44  3:45  Roach  
  48  3:50  Roach x2  
  52  3:55  Overlord  
  52  4:06  Overlord  
  52  4:08  Overlord  
  52  4:15  Roach x4  
  60  4:21  Overlord  
  60  4:26  Roach x2  
  64  4:33  Roach x2  
  68  4:40  Roach x3  
  68  4:44  Roach  
  68  4:45  Roach  
  78  4:50  Roach x2  
  82  4:54  Roach  
  84  5:01  Overlord  
  84  5:06  Extractor  
  83  5:08  Drone, Overlord  
  84  5:20  Drone x2  
  86  5:25  Zerg Missile Weapons Level 2  
  86  5:26  Hatchery  
  86  5:28  Drone  
  85  5:31  Drone x2  
  85  5:35  Drone  
  88  5:38  Drone x2  
  88  5:42  Drone  
  91  5:43  Drone  
  91  5:48  Overseer  
  92  5:50  Overlord  
  92  5:51  Drone  
  93  6:02  Roach x2  
  93  6:03  Drone x3  
  92  6:15  Roach x2  
  92  6:21  Overlord  
  92  6:26  Roach  
  92  6:29  Roach x3  
  99  6:33  Overlord  
  99  6:36  Ravager  
  99  6:39  Drone x2  
  102  6:41  Roach x3  
  102  6:43  Ravager x2  
  102  6:44  Roach  
  102  6:46  Extractor  
  111  6:48  Overlord  
  113  6:54  Roach  
  113  6:58  Roach x4  
  121  7:01  Drone  
  121  7:06  Overlord x2  
  122  7:09  Roach x2  
  126  7:16  Ravager  
  126  7:17  Drone x3  
  126  7:19  Overlord  
  130  7:24  Drone x2  
  130  7:25  Drone  
  130  7:26  Roach x2  
  130  7:29  Overlord  
  137  7:32  Drone  
  137  7:33  Drone  
  137  7:34  Extractor  
  138  7:39  Pneumatized Carapace  
  138  7:40  Roach x2  
  142  7:44  Drone x2  
  142  7:49  Drone x4  
  144  7:53  Extractor  
  137  8:00  Roach x4  
  137  8:01  Roach  
  137  8:03  Roach  
  137  8:05  Roach  
  105  8:13  Roach x4  
  105  8:17  Drone x2  
  105  8:18  Drone x2  
  108  8:21  Roach x2  
  108  8:23  Drone x2  
  108  8:25  Ravager  
  108  8:26  Ravager x2  
  117  8:27  Roach  
  117  8:32  Drone  
  120  8:34  Zerg Ground Armor Level 1  
  120  8:35  Roach  
  122  8:41  Roach x3  
  122  8:42  Roach  
  130  8:51  Roach x5  
  130  8:53  Ravager  
  141  9:00  Hatchery  
  142  9:03  Roach x2  
  142  9:07  Roach x2  
  142  9:08  Roach  
  150  9:19  Overlord x2  
  150  9:20  Overlord  
  150  9:21  Ravager  
  150  9:22  Ravager, Tunneling Claws  
  150  9:23  Burrow  
  152  9:28  Roach  
  154  9:38  Roach x8  
  168  9:42  Overlord  
  168  9:44  Ravager  
  169  9:46  Roach x2  
  173  9:59  Roach  
  177  10:00  Roach x2  
  177  10:04  Overlord  
  177  10:07  Roach x4  
  185  10:12  Ravager  
  185  10:14  Drone x5  
  188  10:17  Overlord  
  191  10:21  Overlord  
  191  10:23  Roach x12  
  191  10:24  Roach x3  
  191  10:25  Roach  
  199  10:37  Ravager  
  198  10:59  Roach x4  
  185  11:05  Roach x9  
  185  11:07  Roach  
  185  11:08  Roach x4  
  188  11:14  Roach x4  
  188  11:16  Roach x2  
  188  11:17  Queen, Roach  
  190  11:19  Roach  
  190  11:22  Roach Warren  
  189  11:27  Roach  
  183  11:35  Overseer x2  
  150  11:56  Drone x6  
  150  11:57  Drone x3  
  122  12:04  Drone x8, Roach x10  
  122  12:05  Ravager x3  
  122  12:06  Ravager  
  139  12:13  Roach x7  
  139  12:14  Ravager  
  139  12:15  Ravager  
  153  12:20  Roach  
  152  12:24  Roach x2  
  152  12:28  Roach  
  158  12:30  Roach x20  
  158  12:33  Roach  
  158  12:35  Roach x2  
  164  12:40  Roach  
  166  12:48  Roach x3  
  172  12:55  Roach x2  
Show
View Real Time Build Order
Export as new Build Order

Serral Zerg - Winner!

Build Orders: Hatch First 

Get SALT Encoding   

  12  0:00  Drone  
  13  0:12  Overlord  
  13  0:16  Drone  
  14  0:30  Drone  
  14  0:31  Drone  
  16  0:48  Hatchery  
  15  0:51  Drone  
  15  0:55  Drone  
  17  0:58  Drone  
  18  1:09  Extractor  
  17  1:14  Spawning Pool  
  17  1:17  Drone  
  17  1:19  Drone  
  18  1:28  Drone  
  19  1:38  Drone  
  20  1:49  Drone  
  21  1:59  Overlord  
  21  2:01  Queen x2, Zergling x2  
  26  2:11  Drone  
  26  2:12  Drone  
  28  2:21  Drone  
  30  2:22  Drone  
  30  2:34  Hatchery  
  30  2:37  Drone  
  30  2:40  Queen  
  30  2:42  Drone  
  33  2:46  Overlord  
  33  2:49  Drone  
  34  2:54  Drone  
  34  2:55  Evolution Chamber  
  34  2:58  Drone  
  35  3:04  Drone  
  36  3:06  Drone  
  36  3:09  Drone x3  
  36  3:11  Drone  
  41  3:13  Drone  
  41  3:17  Overlord  
  42  3:21  Drone  
  42  3:24  Zerg Missile Weapons Level 1  
  43  3:30  Roach Warren  
  41  3:34  Drone x2  
  41  3:36  Drone  
  41  3:40  Drone x3  
  47  3:42  Drone  
  47  3:45  Drone  
  49  3:50  Extractor x2  
  49  3:51  Lair  
  49  3:55  Drone x3  
  50  3:57  Drone  
  50  4:00  Overlord  
  51  4:05  Overlord  
  51  4:11  Roach x3  
  51  4:15  Drone  
  51  4:16  Overlord  
  58  4:19  Overlord  
  58  4:22  Roach  
  58  4:23  Roach  
  62  4:27  Overlord  
  62  4:30  Spine Crawler  
  61  4:33  Roach x2  
  61  4:37  Roach  
  61  4:38  Roach  
  69  4:42  Roach x2  
  73  4:50  Overlord  
  73  4:51  Roach x2  
  77  4:55  Spine Crawler  
  77  4:58  Roach  
  78  5:02  Overlord  
  78  5:03  Glial Reconstitution  
  78  5:10  Roach x3  
  84  5:17  Overlord  
  84  5:19  Overlord  
  84  5:21  Roach x2  
  88  5:24  Zerg Missile Weapons Level 2  
  88  5:30  Roach x2  
  91  5:36  Roach x3  
  91  5:41  Overlord  
  97  5:43  Overseer  
  101  5:50  Roach x2  
  101  5:55  Drone, Roach x2  
  98  6:14  Hatchery  
  98  6:16  Drone  
  98  6:17  Drone x2  
  98  6:20  Overlord  
  98  6:21  Drone x4  
  98  6:22  Drone  
  101  6:28  Overlord  
  101  6:31  Overlord  
  101  6:33  Overseer  
  101  6:36  Extractor  
  98  6:40  Ravager  
  98  6:41  Drone  
  98  6:42  Roach x4  
  108  6:53  Overlord  
  108  6:54  Pneumatized Carapace  
  108  6:57  Overlord  
  108  7:00  Overseer  
  108  7:13  Drone x4  
  108  7:14  Roach x2  
  116  7:19  Extractor  
  116  7:21  Roach x4  
  116  7:22  Ravager  
  126  7:23  Ravager x2  
  126  7:28  Roach  
  128  7:34  Roach x2  
  132  7:40  Roach  
  132  7:41  Roach x3  
  140  7:48  Roach x5  
  148  7:56  Drone  
  145  8:05  Roach x4  
  114  8:13  Drone x6  
  114  8:17  Roach x4  
  114  8:19  Zerg Ground Armor Level 1  
  124  8:23  Overseer  
  124  8:26  Roach x3  
  130  8:33  Extractor, Ravager  
  132  8:34  Roach x4  
  132  8:35  Roach  
  140  8:43  Overlord x2  
  140  8:44  Hatchery, Overlord x2  
  140  8:48  Overseer  
  139  8:53  Roach x3  
  145  9:03  Ravager x2  
  145  9:08  Roach x8  
  163  9:16  Overlord  
  163  9:17  Overlord x2  
  163  9:21  Roach x3  
  169  9:26  Tunneling Claws, Burrow  
  169  9:35  Drone x2  
  169  9:36  Drone x3  
  169  9:37  Roach  
  169  9:38  Roach  
  178  9:39  Ravager  
  178  9:41  Roach  
  178  9:42  Roach  
  183  9:48  Roach x3  
  189  9:55  Roach  
  189  9:56  Roach x4  
  199  10:02  Queen  
  199  10:05  Ravager  
  199  10:06  Overseer  
  200  10:09  Overseer  
  200  10:15  Zerg Ground Armor Level 2  
  200  10:17  Overseer  
  200  10:22  Extractor, Spine Crawler  
  200  10:23  Spine Crawler  
  200  10:24  Drone x3  
  200  10:30  Infestation Pit  
  199  10:35  Roach x7  
  199  10:48  Roach  
  199  10:49  Roach x4  
  199  10:52  Roach  
  198  10:57  Roach x2  
  198  11:01  Roach  
  195  11:06  Roach x6  
  198  11:16  Roach  
  199  11:21  Hydralisk Den  
  199  11:23  Roach x6  
  198  11:26  Roach x12  
  194  11:34  Roach x6  
  194  11:39  Roach x16  
  200  11:46  Drone x9  
  194  11:50  Roach x3  
  188  11:55  Roach  
  159  12:01  Roach x2  
  159  12:07  Ravager x3  
  160  12:08  Roach x32  
  160  12:11  Roach x2  
  160  12:13  Roach  
  160  12:20  Roach x3  
  160  12:25  Hatchery  
  161  12:30  Roach x8  
  161  12:31  Roach x3  
  161  12:34  Roach  
  171  12:46  Roach x6  
  171  12:47  Overseer  
  171  12:50  Ravager x3  
  186  12:52  Roach  
  186  12:53  Roach x5  
Tags
 
Add a new tag
Caveats
  • Supply blocks, unpowered buildings, or Contaminate may cause inaccurate times.
  • Supply counts are checked every 10 seconds.